 Dungeon Sprint DCSS version 0.28.0-62-gf88900778d (webtiles) character file.

Game seed: 14948829147073396719

116 cbfl8 the Covered (level 4, -1/45 HPs)
             Began as a Minotaur Fighter on Jan 14, 2024.
             Slain by Sigmund
             ... wielding a +0 scythe
              (6 damage)
             ... in the Dungeon (Sprint I: "Red Sonja").
             The game lasted 00:00:38 (607 turns).

cbfl8 the Covered (Minotaur Fighter)                 Turns: 607, Time: 00:00:39

Health: -1/45      AC: 10    Str: 21    XL:     4   Next: 69%
Magic:  3/3        EV:  7    Int:  5    God:
Gold:   54         SH:  5    Dex: 11    Spells: 3/3 levels left

rFire   . . .      SeeInvis .   a - +0 war axe
rCold   . . .      Faith    .   c - +0 buckler
rNeg    . . .      Spirit   .   l - +0 chain mail
rPois   .          Reflect  .   (helmet restricted)
rElec   .          Harm     .   (no cloak)
rCorr   .          Rampage  .   (no gloves)
Will    .....      NoTele   +   (no boots)
Stlth   ..........              (no amulet)
HPRegen 0.15/turn               (no ring)
MPRegen 0.08/turn               (no ring)

@: no status effects
A: horns 2, retaliatory headbutt
a: no special abilities


You were in the Dungeon.
You visited 1 branch You collected 54 gold pieces.

Inventory:

Hand Weapons
 a - a +0 war axe (weapon)
Armour
 c - a +0 buckler (worn)
 l - a +0 chain mail (worn)
Wands
 d - a wand of flame (22) (quivered)
Scrolls
 j - a scroll of blinking
Potions
 e - a potion of curing
 g - a potion of haste
 h - 2 potions of magic
 i - a potion of berserk rage
 k - a potion of invisibility {unknown}


   Skills:
 + Level 6.5 Fighting
 + Level 4.3 Axes
 + Level 7.1 Armour
 + Level 6.4 Shields
 * Level 2.7 Evocations


You had 3 spell levels left.
You didn't know any spells.
Your spell library was empty.

Dungeon Overview and Level Annotations

Branches:
Dungeon (1/1)

Altars:

Annotations:
D Sigmund


Innate Abilities, Weirdness & Mutations

You have a pair of horns on your head.
You reflexively headbutt those who attack you in melee.


Message History

The magic dart hits you!
You closely miss Sigmund.
Sigmund is heavily wounded.
Sigmund mumbles some strange words.
Sigmund flickers and vanishes!
Deactivating autopickup; reactivate with Ctrl-A.
Something hits you!
You bump into the rock wall.
You feel less confused.
You miss something. Your headbutt misses something.
You hear some strange, mumbled words.
You are confused.
You hear some strange, mumbled words.
A puff of flame appears from out of thin air!
The puff of flame hits you!
* * * LOW HITPOINT WARNING * * *
You barely miss something. Something hits you.
* * * LOW HITPOINT WARNING * * *
Unknown command.
You feel much better. Something hits you.
You completely miss something. Your headbutt misses something.
You hear some strange, mumbled words.
A puff of flame appears from out of thin air!
The puff of flame hits you! Something hits you but does no damage.
There is an open door, spattered with blood here.
You're too confused to move!
Something hits you.
You feel less confused. Something hits you.
* * * LOW HITPOINT WARNING * * *
There is an open door, spattered with blood here.
You slash something! Something hits you but does no damage.
You closely miss something.
You hear some strange, mumbled words.
A magic dart appears from out of thin air!
The magic dart hits you but does no damage.
You barely miss something. Your headbutt misses something. Something hits you!
* * * LOW HITPOINT WARNING * * *
You closely miss something. Something hits you.
You die...

#############
#<.#..)..#..+
#..'[.#..{..#
#..#####@####
#..# #..#
#..# ####
#..# #⌠⌠#
####


There were no monsters in sight!

Vanquished Creatures
  An ogre (D)
  Ijyb (D)
2 creatures vanquished.

Notes
Turn   | Place    | Note
-------+----------+-------------------------------------------
     0 | D        | cbfl8 the Minotaur Fighter began the quest for the Orb.
     0 | D        | Reached XP level 1. HP: 19/19 MP: 0/0
     2 | D        | Noticed Ijyb
     5 | D        | Killed Ijyb
     6 | D        | Reached skill level 5 in Fighting
     6 | D        | Reached skill level 5 in Armour
     6 | D        | Reached skill level 5 in Shields
     6 | D        | Reached XP level 2. HP: 21/29 MP: 1/1
   199 | D        | Noticed an ogre
   207 | D        | Killed an ogre
   208 | D        | Reached skill level 7 in Armour
   208 | D        | Reached XP level 3. HP: 5/38 MP: 2/2
   208 | D        | Reached XP level 4. HP: 6/45 MP: 3/3
   577 | D        | Noticed Sigmund
   607 | D        | Slain by Sigmund

Illustrated notes

Levels and vault maps discovered:
D:        dungeon_sprint_1 [red_sonja_temple_1, red_sonja_temple_small_1]

Skill      XL: |  1  2 |
---------------+-------+-----
Fighting       | 5 6 |  6.5
Axes           | 3 4 |  4.3
Armour         | 5 7 |  7.1
Shields        | 5 6 |  6.4
Evocations     | 2 |  2.7

Action                   |  1- 3 |  4- 6 || total
-------------------------+-------+-------++-------
Melee: War axe           |     8 |    13 ||    21
       Headbutt          |     1 |       ||     1
Evoke: Wand              |     2 |     2 ||     4
  Use: Potion            |     1 |     1 ||     2
Armor: Chain mail        |       |     6 ||     6
Dodge: Dodged            |     2 |     1 ||     3
Block: Buckler           |     1 |       ||     1
